 Dungeon Crawl Stone Soup version 0.16-b1 (console) character file.

2938 mauris the Skirmisher (level 9, -6/48 HPs)
             Began as a Vine Stalker Venom Mage on Mar 13, 2015.
             Was an Initiate of Trog.
             Mangled by Pikel
             ... wielding a +1 whip of electrocution
              (17 damage)
             ... on level 8 of the Dungeon.
             The game lasted 00:12:20 (7469 turns).

mauris the Skirmisher (Vine Stalker Venom Mage)     Turns: 7469, Time: 00:12:21

Health: -6/48      AC: 12    Str: 15    XL:     9   Next: 80%
Magic:  0/18       EV: 12    Int: 21    God:    Trog [......]
Gold:   204        SH:  0    Dex: 11    Spells: 1 memorised, 11 levels left

rFire  . . .     SeeInvis .     d - +5 mace "Vaeraw" {flame, MR+}
rCold  + . .     Clarity  .     y - +3 ring mail "Quiduoc" {rPois rC+ Int+6 Dex-5 Stlth+, 5}
rNeg   . . .     SustAb   .     (no shield)
rPois  +         Gourm    .     w - +1 helmet
rElec  .         Spirit   +     p - +0 cloak
rCorr  .         Warding  .     (no gloves)
rMut   .         Stasis   .     (no boots)
MR     +++..                    (no amulet)
Stlth  ++........               q - ring of protection from magic
                                H - +2 ring of dexterity

@: extremely resistant to hostile enchantments, unstealthy
A: fangs 3, regeneration 2, magic shield, antimagic bite, no device heal 3, rot
immunity
a: Burn Spellbooks, Renounce Religion


You were on level 8 of the Dungeon.
You worshipped Trog.
Trog was noncommittal.
You were not hungry.

You visited 2 branches of the dungeon, and saw 9 of its levels.

You collected 324 gold pieces.
You spent 120 gold pieces at shops.

Inventory:

Hand weapons
 d - the +5 mace "Vaeraw" (weapon) {flame, MR+}
   (You found it on level 4 of the Dungeon)

   It has been specially enchanted to burn those struck by it, causing extra
   injury to most foes and up to half again as much damage against particularly
   susceptible opponents.
   It affects your resistance to hostile enchantments.
 x - a +4 broad axe of flaming
Armour
 p - a +0 cloak (worn)
 w - a +1 helmet (worn)
 y - the +3 ring mail "Quiduoc" (worn) {rPois rC+ Int+6 Dex-5 Stlth+, 5}
   (You found it on level 4 of the Dungeon)

   It affects your intelligence (+6).
   It affects your dexterity (-5).
   It protects you from cold.
   It protects you from poison.
   It makes you more stealthy.
Jewellery
 o - an uncursed ring of positive energy
 q - a ring of protection from magic (right hand)
 r - an uncursed ring of fire
 H - a +2 ring of dexterity (left hand)
Magical devices
 F - a wand of confusion (8) {24}
Scrolls
 a - 2 scrolls of remove curse
 i - 4 scrolls of blinking {unknown}
 t - 2 scrolls of fear
 A - 3 scrolls of random uselessness {unknown}
 B - 3 scrolls of teleportation {unknown}
 D - a scroll of amnesia {unknown}
 G - a scroll of enchant weapon {unknown}
 I - a scroll of identify {@r1}
 L - a scroll of immolation {unknown}
 M - a scroll of recharging
Potions
 e - a potion of cure mutation
 h - a potion of heal wounds {@q2}
 j - a potion of haste {unknown}
 l - 3 potions of curing {@q1}
 m - a potion of ambrosia {!q}
 n - 2 potions of resistance {unknown}
 s - 2 potions of flight {unknown}
 u - 2 potions of restore abilities
 z - a potion of invisibility {unknown}
 C - a potion of cancellation {unknown}
 E - a potion of lignification {unknown}
 J - a potion of degeneration {unknown}
 K - a potion of berserk rage {unknown}
Books
 b - a Young Poisoner's Handbook

   Spells                             Type                      Level
   a - Sting                          Conjuration/Poison           1
   b - Cure Poison                    Poison                       2
   c - Mephitic Cloud                 Conjuration/Poison/Air       3
   d - Olgreb's Toxic Radiance        Poison                       4
   e - Venom Bolt                     Conjuration/Poison           5
   Trog disapproves of the use of such an item.
 v - a book of the Tempests

   Spells                             Type                      Level
   a - Static Discharge               Conjuration/Air              3
   b - Lightning Bolt                 Conjuration/Air              5
   c - Fireball                       Conjuration/Fire             5
   d - Tornado                        Air                          9
   e - Shatter                        Earth                        9
   Trog disapproves of the use of such an item.
Comestibles
 c - 9 bread rations
 f - 2 slices of pizza
 g - 6 beef jerkies
 k - 3 meat rations


   Skills:
 + Level 6.2 Fighting
 + Level 5.6 Axes
 + Level 5.6 Armour
 - Level 5.0 Dodging
 - Level 2.4 Stealth
 - Level 2.2 Unarmed Combat
 - Level 2.1 Spellcasting
 - Level 4.0 Poison Magic


You had 11 spell levels left.
You knew the following spells:

 Your Spells              Type           Power        Failure   Level  Hunger
a - Sting                 Conj/Pois      ##..         12%         1    #......


Dungeon Overview and Level Annotations

Branches:
Dungeon (8/15)             Temple (1/1) D:7
   Lair: D:8-11

Altars:
Cheibriados
Dithmenos
Elyvilon
Fedhas
Gozag
Kikubaaqudgha
Makhleb
Nemelex Xobeh
Okawaru
Qazlal
Ru
Trog
Vehumet
Xom
Yredelemnul
The Shining One

Shops:
D:4 (   D:5 =

Annotations:
D:8 Pikel


Innate Abilities, Weirdness & Mutations

You have razor-sharp teeth.
You heal very quickly.
When hurt, damage is shared between your health and your magic reserves.
Your bite disrupts and absorbs the magic of your enemies.
Potions and wands cannot restore your health.
You are immune to rotting.


Message History

Pikel hits you but does no damage.
You are electrocuted!
* * * LOW HITPOINT WARNING * * *
Pikel hits you with a whip of electrocution.
* * * LOW HITPOINT WARNING * * *
You are electrocuted!
* * * LOW HITPOINT WARNING * * *
Huge Dmg: -25%(-12hp) hp: 15%(7hp) Unknown command.
Drink which item? (? for menu, Esc to quit)
Okay, then.
Pikel says, "You'll fetch a fair price!"
You closely miss Pikel.
Pikel is heavily wounded.
Pikel hits you but does no damage.
You are electrocuted!
* * * LOW HITPOINT WARNING * * *
Huge Dmg: -19%(-9hp) hp: 23%(11hp)
You barely miss Pikel.
Pikel is heavily wounded.
Pikel hits you but does no damage.
You are electrocuted!
You die...

#.#........... #.#
#. .........# #.#
#. #.#......# #.#
#p
#........########
#.###.
###.#...........#
#....p
##.#.########.#
####.. #.#.# #.#
#.. #.#.#
#.###############..
#.#.#
#.@Kppp............
.#.#
#################.#
#.# #.# . #.# #.#
#.# #.# ..# #


You could see Pikel and 3 slaves.

Vanquished Creatures
  2 hippogriffs (D:7)
  Edmund (Temple)
  A sky beast (D:7)
  2 phantoms (D:4)
  2 ogres
  An orc warrior (D:6)
  2 centaurs (D:7)
  Duvessa (D:4)
  3 giant frogs
  A scorpion (D:6)
  13 wights
  Dowan (D:4)
  A crimson imp (D:5)
  2 goliath beetles (D:6)
  2 jellies
  A giant frog zombie (D:5)
  Crazy Yiuf (D:3)
  2 hounds
  5 orc wizards
  4 orc priests
  A giant frog skeleton (D:4)
  4 worker ants
  An iguana (D:7)
  3 hound skeletons
  Robin (D:4)
  10 adders
  3 worms (D:3)
  2 giant mites
  2 shadow imps
  An adder skeleton (D:4)
  2 giant geckos
  30 orcs
  3 ball pythons
  10 bats
  2 bat skeletons
  A bat zombie (D:7)
  7 giant cockroaches
  16 hobgoblins
  11 jackals
  3 quokkas
  4 giant newts
  14 goblins
  13 kobolds
  13 rats
205 creatures vanquished.

Notes
Turn   | Place    | Note
--------------------------------------------------------------
     0 | D:1      | mauris, the Vine Stalker Venom Mage, began the quest for the Orb.
     0 | D:1      | Reached XP level 1. HP: 9/9 MP: 3/3
     7 | D:1      | Huge Dmg: 4 dmg
    12 | D:1      | Huge Dmg: 3 dmg
   130 | D:1      | Reached skill level 1 in Fighting
   150 | D:1      | Huge Dmg: 3 dmg
   150 | D:1      | Reached XP level 2. HP: 9/14 MP: 0/5
   154 | D:1      | Huge Dmg: 4 dmg
   578 | D:1      | Reached skill level 1 in Unarmed Combat
   581 | D:1      | Huge Dmg: 3 dmg
   583 | D:1      | Huge Dmg: 3 dmg
   585 | D:1      | Huge Dmg: 2 dmg
   702 | D:2      | Huge Dmg: 4 dmg
   705 | D:2      | Huge Dmg: 3 dmg
   808 | D:2      | Found an iron altar of Okawaru.
   846 | D:2      | Reached XP level 3. HP: 18/18 MP: 5/7
   951 | D:2      | Reached skill level 1 in Armour
  1468 | D:3      | Huge Dmg: 5 dmg
  1470 | D:3      | Huge Dmg: 3 dmg
  1471 | D:3      | Huge Dmg: 9 dmg
  1555 | D:3      | Huge Dmg: 8 dmg
  1576 | D:3      | Huge Dmg: 2 dmg
  1580 | D:3      | Huge Dmg: 3 dmg
  1668 | D:3      | Reached XP level 4. HP: 22/22 MP: 3/8
  1726 | D:3      | Huge Dmg: 10 dmg
  2294 | D:3      | Noticed Crazy Yiuf
  2301 | D:3      | Huge Dmg: 5 dmg
  2303 | D:3      | Killed Crazy Yiuf
  2303 | D:3      | Reached XP level 5. HP: 25/26 MP: 5/11
  2311 | D:3      | Huge Dmg: 9 dmg
  2506 | D:3      | Huge Dmg: 7 dmg
  2642 | D:4      | Found Kheresu's Antique Weapon Shoppe.
  2732 | D:4      | Bought a runed broad axe for 120 gold pieces
  2738 | D:4      | Got a fine mace
  2739 | D:4      | Identified the +5 mace "Vaeraw" {flame, MR+} (You found it on level 4 of the Dungeon)
  2802 | D:4      | Noticed Robin
  2812 | D:4      | Huge Dmg: 5 dmg
  2822 | D:4      | Huge Dmg: 5 dmg
  2825 | D:4      | Killed Robin
  2863 | D:4      | Got a fine ring mail {5}
  2874 | D:4      | Identified the +3 ring mail "Quiduoc" {rPois rC+ Int+6 Dex-5 Stlth+, 5} (You found it on level 4 of the Dungeon)
  2941 | D:4      | Gained mutation: You heal very quickly. [vine stalker growth]
  2941 | D:4      | Reached XP level 6. HP: 28/32 MP: 10/12
  2971 | D:4      | Noticed a phantom
  2978 | D:4      | Reached skill level 1 in Axes
  2985 | D:4      | Huge Dmg: 6 dmg
  3018 | D:4      | Killed a phantom
  3113 | D:4      | Noticed a phantom
  3151 | D:4      | Killed a phantom
  3151 | D:4      | Reached XP level 7. HP: 36/36 MP: 14/14
  3411 | D:4      | Noticed Dowan
  3413 | D:4      | Noticed Duvessa
  3430 | D:4      | Killed Duvessa
  3479 | D:4      | Killed Dowan
  3727 | D:5      | Entered Level 5 of the Dungeon
  3730 | D:5      | Found Cucumesk's Jewellery Emporium.
  4067 | D:5      | Gained mutation: You have razor-sharp teeth. [vine stalker growth]
  4067 | D:5      | Reached XP level 8. HP: 28/42 MP: 13/16
  4117 | D:5      | Huge Dmg: 10 dmg
  4126 | D:5      | Huge Dmg: 7 dmg
  4431 | D:5      | Found an opulent altar of Gozag.
  4798 | D:6      | Huge Dmg: 10 dmg
  4936 | D:6      | Huge Dmg: 11 dmg
  4945 | D:6      | Huge Dmg: 9 dmg
  4950 | D:6      | Huge Dmg: 3 dmg
  5075 | D:6      | Huge Dmg: 12 dmg
  5187 | D:6      | Huge Dmg: 11 dmg
  5191 | D:6      | Huge Dmg: 6 dmg
  5377 | D:6      | Huge Dmg: 11 dmg
  5539 | D:6      | Huge Dmg: 13 dmg
  5540 | D:6      | Huge Dmg: 14 dmg
  6129 | D:6      | Reached XP level 9. HP: 44/46 MP: 16/18
  6320 | D:7      | Reached skill level 5 in Dodging
  6337 | D:7      | Reached skill level 5 in Fighting
  6491 | D:7      | Found a staircase to the Ecumenical Temple.
  6494 | D:7      | Noticed Edmund
  6503 | Temple   | Entered the Ecumenical Temple
  6506 | Temple   | Reached skill level 5 in Armour
  6521 | Temple   | Killed Edmund
  6521 | Temple   | Reached skill level 5 in Axes
  6766 | Temple   | Became a worshipper of Trog the Wrathful
  6816 | D:7      | Found a shimmering altar of Xom.
  6816 | D:7      | Found a shimmering altar of Xom.
  6816 | D:7      | Found a shimmering altar of Xom.
  6817 | D:7      | Found a shimmering altar of Xom.
  6817 | D:7      | Found a shimmering altar of Xom.
  6866 | D:7      | Huge Dmg: 11 dmg
  6867 | D:7      | Huge Dmg: 12 dmg
  6935 | D:7      | Found a shimmering altar of Xom.
  6993 | D:7      | Reached skill level 6 in Fighting
  7429 | D:8      | Noticed Pikel
  7439 | D:8      | Huge Dmg: 12 dmg
  7440 | D:8      | Huge Dmg: 9 dmg
  7444 | D:8      | Huge Dmg: 10 dmg
  7445 | D:8      | Huge Dmg: 12 dmg
  7469 | D:8      | Huge Dmg: 9 dmg
  7469 | D:8      | Mangled by Pikel

Action                   |  1- 3 |  4- 6 |  7- 9 || total
-------------------------+-------+-------+-------++-------
Melee: Short sword       |    67 |    33 |       ||   100
       Unarmed           |     5 |       |       ||     5
       Mace              |       |    82 |   346 ||   428
 Cast: Sting             |    64 |    61 |    32 ||   157
  Use: Scroll            |     2 |     4 |     1 ||     7
       Potion            |       |     1 |     5 ||     6
 Stab: Sleeping          |     1 |       |    11 ||    12
       Distracted        |       |       |     3 ||     3
  Eat: Chunk             |     4 |     6 |    15 ||    25

Vault maps used:
D:1:      grunt_arrival_lava_bath, minivault_26
D:2:      okawaru_metal_pillars_3, first_bread
D:3:      uniq_crazy_yiuf_cottage
D:4:      serial_shops, shop, minmay_misc_feat_ornament, st_stairs_12,
          uniq_robin, uniq_duvessa
D:5:      grunt_gozag_breadcrumbs, serial_shops, kennysheep_mini_moat,
          hangedman_decor_points, serial_bayou_pond_c, kennysheep_nub,
          roderic_bali_sauvastika
D:6:      kennysheep_generic_room_8
D:7:      xom_shifter_show, minmay_temple_entry_grid, uniq_edmund
D:8:      uniq_pikel
Temple:   chambers_temple_14
